[Event "ICC tourney 2785 (30 10)"]
[Site "Internet Chess Club"]
[Date "2022.01.02"]
[Round "1"]
[White "Belous, Vladimir:Openyagami"]
[Black "NGUYEN, TIEN:ngthanhthuytien"]
[Result "1-0"]
[ICCResult "Black resigns"]
[WhiteElo "2570"]
[BlackElo "2100"]
[Opening "English opening"]
[ECO "A20"]
[NIC "EO.24"]
[Time "12:00:38"]
[PlyCount "69"]
[TimeControl "1800+10"]

1. c4 e5 2. g3 Nf6 3. Bg2 d5 4. cxd5 Nxd5 5. Nf3 Nc6 6. O-O Nb6 7. b3 Be7 8.
Bb2 f6 9. Nc3 O-O 10. Rc1 Bg4 11. h3 Bh5 12. d3 Qd7 13. Kh2 Rfd8 14. Ne4 a5
15. Nc5 Bxc5 16. Rxc5 Ra7 17. Qc1 a4 18. b4 Nxb4 19. Rxc7 Qe6 20. Ng5 Qe8
21. Qc5 N4d5 22. Ne4 Nxc7 23. Qxb6 Nb5 24. Nc3 Nxc3 25. Qxa7 Nxe2 26. Ba3
Rxd3 27. Rb1 b5 28. Bb4 Bf3 29. Bxf3 Rxf3 30. Re1 Nc3 31. Qc5 Nxa2 32. Qd5+
Kh8 33. Qxf3 Nxb4 34. Rc1 e4 35. Qxe4 {Black resigns} 1-0

[Event "ICC tourney 2785 (30 10)"]
[Site "Internet Chess Club"]
[Date "2022.01.02"]
[Round "1"]
[White "LIANG, YU-CHENG:Yucheng"]
[Black "GANT, CHRISTOPHER JEFFREY:Baggie"]
[Result "1-0"]
[ICCResult "Black resigns"]
[WhiteElo "1916"]
[BlackElo "2200"]
[Opening "Benkö gambit: main line"]
[ECO "A58"]
[NIC "BI.41"]
[Time "12:00:38"]
[PlyCount "75"]
[TimeControl "1800+10"]

1. d4 Nf6 2. c4 c5 3. d5 b5 4. cxb5 a6 5. bxa6 g6 6. Nc3 Bxa6 7. e4 Bxf1 8.
Kxf1 d6 9. g3 Bg7 10. Kg2 O-O 11. Nf3 Nbd7 12. Rb1 Ra6 13. a4 Qa8 14. b3 e6
15. Qd3 exd5 16. exd5 Ng4 17. Nb5 Qb7 18. Bf4 Nde5 19. Nxe5 dxe5 20. Be3
Nxe3+ 21. fxe3 f5 22. e4 Raf6 23. Rhf1 Qd7 24. Nc3 f4 25. gxf4 Rxf4 26. h3
Qf7 27. Qe2 Qf6 28. d6 Qxd6 29. Nd5 R4f7 30. Rxf7 Rxf7 31. Rf1 Rxf1 32. Qxf1
Qd8 33. Qc1 Bf8 34. Qd2 Qh4 35. Qe2 Bh6 36. Qg4 Qxg4+ 37. hxg4 Bd2 38. Nb6
{Black resigns}
1-0

[Event "ICC tourney 2785 (30 10)"]
[Site "Internet Chess Club"]
[Date "2022.01.02"]
[Round "1"]
[White "VAKHIDOV, JAKHONGIR:TjkTiger"]
[Black "YAN, RUIYANG:jy2020"]
[Result "1-0"]
[ICCResult "Black resigns"]
[WhiteElo "2602"]
[BlackElo "2151"]
[Opening "English: Mikenas-Carls variation"]
[ECO "A18"]
[NIC "EO.57"]
[Time "12:01:11"]
[PlyCount "63"]
[TimeControl "1800+10"]

1. c4 Nf6 2. Nc3 e6 3. e4 d5 4. cxd5 exd5 5. e5 Ne4 6. Nf3 Bf5 7. d3 Nxc3 8.
bxc3 c5 9. d4 Nc6 10. Bd3 Bxd3 11. Qxd3 cxd4 12. cxd4 Bb4+ 13. Kf1 O-O 14.
Ng5 g6 15. h4 Be7 16. e6 Bxg5 17. Bxg5 f6 18. Bh6 Re8 19. h5 g5 20. Re1 Qb6
21. Qf5 Qxd4 22. e7 Kh8 23. Bf8 Rxf8 24. exf8=Q+ Rxf8 25. Rh3 Ne5 26. h6 Qf4
27. Qxf4 gxf4 28. Rd1 Rd8 29. Rh4 Ng6 30. Rh5 d4 31. Rc5 b6 32. Rxd4
{Black resigns}
1-0

[Event "ICC tourney 2785 (30 10)"]
[Site "Internet Chess Club"]
[Date "2022.01.02"]
[Round "1"]
[White "GUIPI BOPALA, PRINCE ERIC:bopala"]
[Black "Volkov, Sergey:Volkov"]
[Result "0-1"]
[ICCResult "White resigns"]
[WhiteElo "2100"]
[BlackElo "2573"]
[Opening "Queen's gambit declined"]
[ECO "D30"]
[NIC "QP.08"]
[Time "12:01:11"]
[PlyCount "64"]
[TimeControl "1800+10"]

1. d4 d5 2. c4 e6 3. Nf3 c6 4. e3 Bd6 5. Bd3 f5 6. O-O Nf6 7. b3 Qe7 8. Bb2
O-O 9. Nbd2 Ne4 10. Ne5 Nd7 11. f3 Nxd2 12. Qxd2 Bb4 13. Qe2 Nxe5 14. dxe5
a5 15. e4 dxe4 16. fxe4 f4 17. Qg4 Bd7 18. Rxf4 Qc5+ 19. Kh1 Rxf4 20. Qxf4
Rf8 21. Qg3 Qf2 22. Qxf2 Rxf2 23. Bc1 Bc5 24. Rb1 Rxa2 25. Bb2 b5 26. cxb5
cxb5 27. h3 Kf7 28. Rf1+ Ke8 29. Bc3 Ra3 30. Be2 a4 31. b4 Rxc3 32. bxc5 b4
{White resigns}
0-1

[Event "ICC tourney 2785 (30 10)"]
[Site "Internet Chess Club"]
[Date "2022.01.02"]
[Round "1"]
[White "MARKOVIC, GORAN:Goran21"]
[Black "IVANOV, ALEXANDER:marble"]
[Result "0-1"]
[ICCResult "White resigns"]
[WhiteElo "1931"]
[BlackElo "2396"]
[Opening "Robatsch (modern) defense"]
[ECO "B06"]
[NIC "KF.06"]
[Time "12:00:36"]
[PlyCount "162"]
[TimeControl "1800+10"]

1. e4 g6 2. d3 Bg7 3. g3 d5 4. Nc3 Bxc3+ 5. bxc3 dxe4 6. dxe4 Qxd1+ 7. Kxd1
Nf6 8. f3 O-O 9. Bd3 Nc6 10. Bf4 e5 11. Bh6 Rd8 12. Ke1 Be6 13. Ne2 Nd7 14.
Be3 Na5 15. f4 Nc4 16. Kf2 Ndb6 17. Rhd1 Nb2 18. Rdb1 Nxd3+ 19. cxd3 Rxd3
20. fxe5 Nc4 21. Bg5 b6 22. Rd1 Nxe5 23. Rxd3 Nxd3+ 24. Ke3 Ne5 25. h4 f6
26. Bf4 Rd8 27. Nd4 Bc4 28. Kf2 Nd3+ 29. Ke3 Nxf4 30. Kxf4 Rd6 31. a4 a6 32.
g4 c5 33. Nf3 Be2 34. Ng1 Rd1 35. Ra2 Rf1+ 36. Ke3 Bc4 37. Rg2 Rc1 38. Nf3
Rxc3+ 39. Kf4 Bb3 40. Rd2 Bxa4 41. Rd6 b5 42. Rxf6 b4 43. Rxa6 Be8 44. Ra8
Kf8 45. Rb8 Ke7 46. Rb7+ Kd6 47. Ne5 b3 48. Rb8 Ba4 49. Rb7 c4 50. Rb4 Kc5
51. Rxa4 b2 52. Rxc4+ Rxc4 53. Nd3+ Kd4 54. Nxb2 Rc2 55. Na4 Rf2+ 56. Kg5
Kxe4 57. Nc5+ Kd5 58. Nd3 Rf3 59. Nf4+ Ke5 60. Ne2 Re3 61. Nc1 Kd4 62. Kf4
Re1 63. Nb3+ Kd5 64. Nd2 h6 65. g5 h5 66. Nf3 Re4+ 67. Kg3 Rg4+ 68. Kh3 Ke4
69. Nd2+ Ke3 70. Nb3 Rc4 71. Na5 Rc3 72. Nb7 Kf4+ 73. Kh2 Kg4 74. Nd6 Kxh4
75. Kg2 Kg4 76. Kh2 Rc2+ 77. Kg1 Kxg5 78. Ne4+ Kf4 79. Nf6 h4 80. Nd5+ Kf3
81. Kh1 Kg3 {White resigns} 0-1

[Event "ICC tourney 2785 (30 10)"]
[Site "Internet Chess Club"]
[Date "2022.01.02"]
[Round "1"]
[White "SHAWKAT, SAIF:saif-shawkat"]
[Black "MATINIAN, NIKITA:gannikus1992"]
[Result "0-1"]
[ICCResult "White resigns"]
[WhiteElo "1976"]
[BlackElo "2504"]
[Opening "Ruy Lopez: Anderssen variation"]
[ECO "C77"]
[NIC "RL.12"]
[Time "12:00:36"]
[PlyCount "78"]
[TimeControl "1800+10"]

1. e4 e5 2. Nf3 Nc6 3. Bb5 a6 4. Ba4 Nf6 5. d3 d6 6. c3 Bd7 7. O-O g6 8. Re1
Bg7 9. Nbd2 O-O 10. Nf1 Qe8 11. Bc2 Nd8 12. d4 Nh5 13. g3 Ne6 14. d5 Nc5 15.
Nh4 a5 16. b3 f5 17. exf5 gxf5 18. f4 e4 19. Bd2 Nf6 20. Ne3 Qc8 21. c4 Ng4
22. Nxg4 fxg4 23. Rc1 b5 24. Bxe4 bxc4 25. Rxc4 Nxe4 26. Rcxe4 Qb7 27. Re7
Rf7 28. Rxd7 Rxd7 29. Qxg4 Rf7 30. Nf5 Kf8 31. Nxg7 Rxg7 32. Qe6 Qb6+ 33.
Be3 Qb4 34. Bf2 Qc3 35. f5 Rf7 36. g4 Qf3 37. Re4 Rg7 38. Qf6+ Kg8 39. Re3
Rxg4+ {White resigns} 0-1

[Event "ICC tourney 2785 (30 10)"]
[Site "Internet Chess Club"]
[Date "2022.01.02"]
[Round "1"]
[White "Chin, Spencer:Baseballchamp"]
[Black "ALEKSANDROV, ALEKSEJ:Aleksandrov73"]
[Result "0-1"]
[ICCResult "White resigns"]
[WhiteElo "2059"]
[BlackElo "2552"]
[Opening "Ruy Lopez: Anderssen variation"]
[ECO "C77"]
[NIC "RL.12"]
[Time "12:00:42"]
[PlyCount "88"]
[TimeControl "1800+10"]

1. e4 e5 2. Nf3 Nc6 3. Bb5 a6 4. Ba4 Nf6 5. d3 d6 6. c3 g6 7. Bg5 h6 8. Bh4
Bg7 9. Nbd2 O-O 10. Nf1 Bd7 11. Ne3 Qe8 12. Qd2 Rc8 13. h3 b5 14. Bc2 a5 15.
Bxf6 Bxf6 16. Ng4 Bxg4 17. hxg4 Bg7 18. Rxh6 a4 19. Ke2 f6 20. Rh2 Qe6 21.
b3 Ra8 22. Qd1 Qxg4 23. bxa4 bxa4 24. Bxa4 Na5 25. Bb3+ Nxb3 26. Qxb3+ Rf7
27. a4 g5 28. Qd5 Ra7 29. a5 Qd7 30. Qb3 c6 31. Rah1 Rxa5 32. Qb8+ Rf8 33.
Rh8+ Bxh8 34. Rxh8+ Kxh8 35. Qxf8+ Kh7 36. Qxf6 Ra2+ 37. Kd1 Ra7 38. Nxg5+
Kg8 39. Qg6+ Kf8 40. Qf6+ Ke8 41. Qh8+ Ke7 42. Nh7 Qg4+ 43. Kc1 Qf4+ 44. Kb1
Rb7+ {White resigns} 0-1

[Event "ICC tourney 2785 (30 10)"]
[Site "Internet Chess Club"]
[Date "2022.01.02"]
[Round "1"]
[White "HU, ALEXANDER C:ahu1015"]
[Black "Fawzy, Adham:domti"]
[Result "1-0"]
[ICCResult "Black resigns"]
[WhiteElo "2034"]
[BlackElo "2527"]
[Opening "Sicilian: Pelikan (Lasker/Sveshnikov) variation"]
[ECO "B33"]
[NIC "SI.35"]
[Time "12:03:12"]
[PlyCount "103"]
[TimeControl "1800+10"]

1. e4 c5 2. Nf3 Nc6 3. d4 cxd4 4. Nxd4 Nf6 5. Nc3 e5 6. Ndb5 d6 7. Nd5 Nxd5
8. exd5 Ne7 9. c4 Nf5 10. Qa4 Bd7 11. Qb4 a6 12. Nc3 Be7 13. Bd3 O-O 14. O-O
Rb8 15. a4 Nd4 16. Be3 Bf5 17. Bxf5 Nxf5 18. Bb6 Qd7 19. a5 Nh4 20. f3 f5
21. Qa4 Qc8 22. Rac1 Bd8 23. Bf2 e4 24. fxe4 f4 25. Bxh4 Bxh4 26. Rf3 Bf6
27. Ne2 Bxb2 28. Rc2 Qc5+ 29. Kh1 Be5 30. Qa3 Rbc8 31. Nc1 Qd4 32. Qd3 g5
33. Qxd4 Bxd4 34. Nd3 Rfe8 35. h4 h6 36. hxg5 hxg5 37. g3 Rxe4 38. gxf4 g4
39. Rg3 Kf7 40. Rxg4 Re3 41. Nf2 Ra3 42. Ne4 Rh8+ 43. Kg2 Rh6 44. Re2 Ra1
45. Ng5+ Kf6 46. Nf3 Kf5 47. Kg3 Bf6 48. Nd4+ Bxd4 49. Rg5+ Kf6 50. Re6+ Kf7
51. Rxh6 Rg1+ 52. Kf3 {Black resigns} 1-0

[Event "ICC tourney 2785 (30 10)"]
[Site "Internet Chess Club"]
[Date "2022.01.02"]
[Round "1"]
[White "Otawa, Yuto:hidedozyo"]
[Black "SRIPADA, HAVISH:brilliantnessme"]
[Result "1/2-1/2"]
[ICCResult "Game drawn by mutual agreement"]
[WhiteElo "2204"]
[BlackElo "1925"]
[Opening "QGD: Charousek (Petrosian) variation"]
[ECO "D31"]
[NIC "QO.05"]
[Time "12:00:51"]
[PlyCount "62"]
[TimeControl "1800+10"]

1. d4 d5 2. c4 e6 3. Nc3 Be7 4. cxd5 exd5 5. Bf4 c6 6. e3 Bf5 7. g4 Be6 8.
h4 Bxh4 9. Qb3 g5 10. Qxb7 gxf4 11. Qxa8 fxe3 12. O-O-O exf2 13. Nf3 Bg3 14.
Qxa7 Bxg4 15. Be2 Bxf3 16. Bxf3 Qg5+ 17. Rd2 Bf4 18. Kc2 Bxd2 19. Qxb8+ Ke7
20. Qb4+ Ke6 21. Qf8 Bxc3 22. Qc8+ Kf6 23. bxc3 Qf5+ 24. Qxf5+ Kxf5 25. Rf1
Nf6 26. Rxf2 Ke6 27. Re2+ Kd6 28. a4 h5 29. Kb3 h4 30. a5 Ra8 31. Kb4 Nd7
{Game drawn by mutual agreement}
1/2-1/2

[Event "ICC tourney 2785 (30 10)"]
[Site "Internet Chess Club"]
[Date "2022.01.02"]
[Round "1"]
[White "YANG, KAIQI:YKQ"]
[Black "Windram, James Alexander:Cypsiurus"]
[Result "1-0"]
[ICCResult "Black resigns"]
[WhiteElo "2531"]
[BlackElo "2043"]
[Opening "English: symmetrical, hedgehog system"]
[ECO "A30"]
[NIC "EO.40"]
[Time "12:00:37"]
[PlyCount "49"]
[TimeControl "1800+10"]

1. c4 c5 2. Nf3 Nf6 3. Nc3 e6 4. g3 b6 5. Bg2 Bb7 6. O-O Be7 7. Re1 d5 8.
cxd5 Nxd5 9. Qa4+ Qd7 10. Qg4 h5 11. Qc4 Nc6 12. d4 Nxc3 13. bxc3 Rc8 14.
Qa4 Ba8 15. dxc5 Bxc5 16. Rd1 Qe7 17. Ne5 Bxf2+ 18. Kf1 Qf6 19. Bf4 Bxg3 20.
hxg3 O-O 21. Bxc6 Bxc6 22. Nxc6 g5 23. Qd4 Qxd4 24. Ne7+ Kg7 25. Rxd4
{Black resigns}
1-0

[Event "ICC tourney 2785 (30 10)"]
[Site "Internet Chess Club"]
[Date "2022.01.02"]
[Round "1"]
[White "HEBDEN, MARK L:mhebden"]
[Black "QUIRKE, JEFFREY L:PawnEatingZombi"]
[Result "1-0"]
[ICCResult "Black resigns"]
[WhiteElo "2505"]
[BlackElo "2005"]
[Opening "Queen's pawn game"]
[ECO "D05"]
[NIC "QP.08"]
[Time "12:01:11"]
[PlyCount "95"]
[TimeControl "1800+10"]

1. d4 d5 2. Nf3 e6 3. e3 Nf6 4. c4 Bd6 5. b3 b6 6. Bb2 Bb7 7. Nc3 O-O 8. Bd3
Nbd7 9. O-O a6 10. Rc1 Ne4 11. Ne2 f5 12. Ne5 Qe8 13. f3 Ng5 14. Ng3 Nxe5
15. dxe5 Bc5 16. Bd4 Bxd4 17. exd4 Qd7 18. cxd5 Bxd5 19. f4 Nf7 20. Qe2 a5
21. Bc4 c6 22. Bxd5 cxd5 23. Rc2 Rfc8 24. Rfc1 Nd8 25. a4 Rc6 26. Rxc6 Nxc6
27. Qb5 Rc8 28. Qxb6 h6 29. Ne2 Kh7 30. h3 Kh8 31. Kh2 Kh7 32. Rc5 Kh8 33.
Rc1 Kh7 34. Rc3 Kh8 35. Nc1 Nb4 36. Rxc8+ Qxc8 37. Qc5 Qxc5 38. dxc5 Kg8 39.
Ne2 Kf7 40. Nd4 Ke7 41. c6 Na6 42. g4 g6 43. gxf5 gxf5 44. Kg3 Nb4 45. c7
Kd7 46. Nxe6 Nc2 47. Kf2 d4 48. Ke2 {Black resigns} 1-0

[Event "ICC tourney 2785 (30 10)"]
[Site "Internet Chess Club"]
[Date "2022.01.02"]
[Round "1"]
[White "Nguyen, Hoa Duc:leoman"]
[Black "Bernat, David:Zapateado"]
[Result "1-0"]
[ICCResult "Black resigns"]
[WhiteElo "2465"]
[BlackElo "1966"]
[Opening "Sicilian: accelerated fianchetto, modern variation with Bc4"]
[ECO "B35"]
[NIC "SI.33"]
[Time "12:00:47"]
[PlyCount "125"]
[TimeControl "1800+10"]

1. e4 c5 2. Nf3 g6 3. d4 cxd4 4. Nxd4 Nc6 5. Nc3 Bg7 6. Be3 Nf6 7. Bc4 O-O
8. Bb3 d5 9. exd5 Na5 10. Nf3 Nxb3 11. axb3 b6 12. Qd2 Bb7 13. Rd1 Rc8 14.
O-O Qc7 15. Bf4 Qc5 16. Ne5 Rfd8 17. Nd3 Qd4 18. Rfe1 Nxd5 19. Nb5 Qf6 20.
Be5 Qh4 21. Bg3 Qh6 22. Qxh6 Bxh6 23. c4 a6 24. Na7 Ra8 25. cxd5 Rxa7 26.
Rxe7 Bf8 27. Rc7 Rxd5 28. f3 Ra8 29. Rxb7 Rad8 30. Rb8 R8d7 31. Re1 Rxd3 32.
h4 Rd8 33. Re8 Rxe8 34. Rxe8 Kg7 35. Be5+ f6 36. Bc3 Kf7 37. Ra8 Rd1+ 38.
Kh2 Bd6+ 39. g3 Rd3 40. Kg2 a5 41. Ra7+ Ke6 42. Rxh7 Be5 43. Rb7 Rd6 44. Kf2
Rc6 45. Bxe5 Kxe5 46. Ke3 f5 47. Re7+ Kd6 48. Re8 Kc5 49. Kf4 Kb4 50. Re3
Rc2 51. Kg5 Rg2 52. f4 Rxb2 53. Kxg6 b5 54. h5 Rh2 55. h6 a4 56. bxa4 bxa4
57. Re6 Rg2 58. h7 Rxg3+ 59. Kf7 Rh3 60. Kg7 a3 61. h8=Q Rxh8 62. Kxh8 a2
63. Ra6 {Black resigns} 1-0

[Event "ICC tourney 2785 (30 10)"]
[Site "Internet Chess Club"]
[Date "2022.01.02"]
[Round "2"]
[White "Tanenbaum, Zachary:MasterZachary"]
[Black "LIANG, YU-CHENG:Yucheng"]
[Result "1-0"]
[ICCResult "Black resigns"]
[WhiteElo "2231"]
[BlackElo "1916"]
[Opening "Caro-Kann: exchange, Rubinstein variation"]
[ECO "B13"]
[NIC "CK.02"]
[Time "14:05:34"]
[PlyCount "49"]
[TimeControl "1800+10"]

1. e4 c6 2. d4 d5 3. exd5 cxd5 4. Bd3 Nc6 5. c3 Nf6 6. Bf4 Bg4 7. Qb3 Qc8 8.
Nd2 e6 9. Ngf3 Be7 10. O-O O-O 11. Qc2 Bh5 12. Ne5 b5 13. Bg5 Bg6 14. Nxg6
hxg6 15. Nf3 Qb7 16. Ne5 Rac8 17. Qe2 a6 18. Nxg6 fxg6 19. Qxe6+ Kh7 20.
Qh3+ Kg8 21. Bxg6 Bd6 22. Qe6+ Kh8 23. Bxf6 gxf6 24. Qxd6 Qg7 25. Bf5
{Black resigns}
1-0

[Event "ICC tourney 2785 (30 10)"]
[Site "Internet Chess Club"]
[Date "2022.01.02"]
[Round "2"]
[White "Bernat, David:Zapateado"]
[Black "Chin, Spencer:Baseballchamp"]
[Result "1/2-1/2"]
[ICCResult "Game drawn by mutual agreement"]
[WhiteElo "1966"]
[BlackElo "2059"]
[Opening "English opening"]
[ECO "A20"]
[NIC "EO.24"]
[Time "14:00:16"]
[PlyCount "68"]
[TimeControl "1800+10"]

1. c4 e5 2. g3 c6 3. Nf3 e4 4. Nd4 d5 5. Nc3 Nf6 6. cxd5 cxd5 7. d3 Qb6 8.
Nb3 Nc6 9. Bg2 Bb4 10. O-O O-O 11. Bg5 Bxc3 12. bxc3 Ne5 13. Bxf6 Qxf6 14.
dxe4 dxe4 15. Bxe4 Bh3 16. Bg2 Bxg2 17. Kxg2 Qc6+ 18. Kg1 Qxc3 19. Rc1 Qb2
20. Rc2 Qa3 21. Qd5 Nc6 22. Qc5 Qxc5 23. Nxc5 Nd4 24. Rd2 Rad8 25. Kg2 b6
26. Nb7 Rd7 27. Na5 bxa5 28. Rfd1 Re7 29. Rxd4 Rxe2 30. Ra4 Rb8 31. Rxa5 g6
32. a4 Rbb2 33. Rf1 Ra2 34. Kf3 Reb2 {Game drawn by mutual agreement}
1/2-1/2

[Event "ICC tourney 2785 (30 10)"]
[Site "Internet Chess Club"]
[Date "2022.01.02"]
[Round "2"]
[White "SHEEHAN, ETHAN THOMAS:Chessking2008"]
[Black "YANG, KAIQI:YKQ"]
[Result "1/2-1/2"]
[ICCResult "Game drawn by repetition"]
[WhiteElo "2197"]
[BlackElo "2531"]
[Opening "QGD: Janowski variation"]
[ECO "D31"]
[NIC "QP.08"]
[Time "14:02:34"]
[PlyCount "94"]
[TimeControl "1800+10"]

1. d4 d5 2. c4 e6 3. Nc3 a6 4. cxd5 exd5 5. Bf4 Nf6 6. e3 Bd6 7. Bxd6 Qxd6
8. Bd3 O-O 9. Qc2 Nc6 10. a3 Re8 11. Nge2 Bg4 12. h3 Bxe2 13. Bxe2 Re7 14.
O-O Rae8 15. b4 Nd8 16. Rfc1 Ne6 17. Bf1 c6 18. Na4 Ng5 19. Nc5 Nge4 20. a4
g5 21. b5 axb5 22. axb5 cxb5 23. Bxb5 Rd8 24. Be2 Nxc5 25. Qxc5 Ne4 26. Qxd6
Rxd6 27. Bd3 Rc6 28. Rxc6 bxc6 29. Rc1 Re6 30. Bxe4 dxe4 31. Rc5 h6 32. h4
gxh4 33. Rh5 Kg7 34. Rxh4 f5 35. Rf4 Kg6 36. g4 fxg4 37. Rxg4+ Kf5 38. Rf4+
Kg5 39. Kg2 Re7 40. f3 exf3+ 41. Kxf3 Rd7 42. Rg4+ Kf6 43. Rf4+ Kg5 44. Rg4+
Kf6 45. Rf4+ Kg5 46. Rg4+ Kf6 47. Rf4+ Kg5 {Game drawn by repetition}
1/2-1/2

[Event "ICC tourney 2785 (30 10)"]
[Site "Internet Chess Club"]
[Date "2022.01.02"]
[Round "2"]
[White "DONG, KYLE QIYU:Kylechess18"]
[Black "HEBDEN, MARK L:mhebden"]
[Result "0-1"]
[ICCResult "White resigns"]
[WhiteElo "1915"]
[BlackElo "2505"]
[Opening "Ruy Lopez: closed defense"]
[ECO "C84"]
[NIC "RL.13"]
[Time "14:00:22"]
[PlyCount "94"]
[TimeControl "1800+10"]

1. e4 e5 2. Nf3 Nc6 3. Bb5 a6 4. Ba4 Nf6 5. O-O Be7 6. d3 b5 7. Bb3 d6 8. h3
Na5 9. Nbd2 O-O 10. Re1 h6 11. a4 Nxb3 12. Nxb3 Bd7 13. axb5 axb5 14. Be3 c5
15. Nbd2 Qc7 16. Qe2 d5 17. exd5 Nxd5 18. Nf1 Bd6 19. Bd2 Rae8 20. Qd1 f5
21. Ng3 b4 22. c3 bxc3 23. Bxc3 Nf4 24. Ra6 Bc6 25. Qb3+ Bd5 26. Qb6 Qxb6
27. Rxb6 Bc7 28. Rb5 Nxd3 29. Rd1 Bc6 30. Rb3 e4 31. Ra3 Rf7 32. Nh4 Nxf2
33. Kxf2 e3+ 34. Kg1 Bxg3 35. Ng6 e2 36. Rda1 e1=Q+ 37. Bxe1 Rxe1+ 38. Rxe1
Bxe1 39. Re3 Bd2 40. Re2 Bg5 41. h4 Bf6 42. h5 f4 43. Re6 Bd7 44. Ra6 Rf8
45. Nxf8 Kxf8 46. Rb6 Bg4 47. Kh2 Be7 {White resigns} 0-1

[Event "ICC tourney 2785 (30 10)"]
[Site "Internet Chess Club"]
[Date "2022.01.02"]
[Round "2"]
[White "ALEKSANDROV, ALEKSEJ:Aleksandrov73"]
[Black "HU, ALEXANDER C:ahu1015"]
[Result "1-0"]
[ICCResult "Black resigns"]
[WhiteElo "2552"]
[BlackElo "2034"]
[Opening "Grünfeld: Russian variation"]
[ECO "D81"]
[NIC "GI.03"]
[Time "14:01:14"]
[PlyCount "89"]
[TimeControl "1800+10"]

1. d4 Nf6 2. c4 g6 3. Nc3 d5 4. Qb3 dxc4 5. Qxc4 Bg7 6. e4 O-O 7. Be2 Na6 8.
Be3 c5 9. dxc5 Be6 10. Qb5 Qc7 11. c6 Bc8 12. cxb7 Qxb7 13. Qxb7 Bxb7 14. f3
Rfd8 15. a3 Nb8 16. Nh3 Nc6 17. Kf2 Bc8 18. Rhd1 Bxh3 19. gxh3 e5 20. Rxd8+
Rxd8 21. Rd1 Rxd1 22. Bxd1 a6 23. Be2 Nb8 24. Na4 Nfd7 25. Nc5 Nxc5 26. Bxc5
Bf8 27. Ba7 Nc6 28. Bb6 a5 29. Bb5 Nd4 30. Ba4 Bh6 31. Bxa5 Bc1 32. Bc3 Kf8
33. Bd1 Ke7 34. a4 Kd6 35. b4 f5 36. Be2 Bf4 37. Bd3 fxe4 38. Bxe4 Bxh2 39.
Bd2 Ne6 40. a5 Nc7 41. Ke2 Bg1 42. Kd3 Ne6 43. Kc4 Bf2 44. b5 Nc5 45. Bb4
{Black resigns}
1-0

[Event "ICC tourney 2785 (30 10)"]
[Site "Internet Chess Club"]
[Date "2022.01.02"]
[Round "2"]
[White "MATINIAN, NIKITA:gannikus1992"]
[Black "VAKHIDOV, JAKHONGIR:TjkTiger"]
[Result "1-0"]
[ICCResult "Black resigns"]
[WhiteElo "2504"]
[BlackElo "2602"]
[Opening "Sicilian: closed, 2...Nc6"]
[ECO "B23"]
[NIC "SI.44"]
[Time "14:00:56"]
[PlyCount "113"]
[TimeControl "1800+10"]

1. e4 c5 2. Nc3 Nc6 3. Bb5 Nd4 4. Nf3 a6 5. Bd3 g6 6. O-O Bg7 7. Nxd4 cxd4
8. Ne2 d5 9. c3 dxe4 10. Bxe4 Nf6 11. Qa4+ b5 12. Bc6+ Bd7 13. Bxd7+ Nxd7
14. Qa3 d3 15. Nd4 Qb6 16. Re1 b4 17. Qa4 Bxd4 18. cxd4 Qxd4 19. a3 O-O 20.
Qxb4 Qxb4 21. axb4 e6 22. Re3 Nf6 23. Rxd3 Nd5 24. Rb3 Rfb8 25. d4 Rxb4 26.
Rxb4 Nxb4 27. Bd2 Nd5 28. b4 Nc7 29. Bf4 Nb5 30. Be5 Kf8 31. g4 Ke7 32. g5
Kd7 33. Rc1 Rc8 34. Rd1 Rc4 35. Ra1 Rc6 36. Kg2 Kc8 37. Rd1 Rc4 38. Rd3 Rxb4
39. Rf3 a5 40. Rxf7 a4 41. Re7 Nxd4 42. Rc7+ Kd8 43. Rxh7 Nc6 44. Bf6+ Kc8
45. Rg7 a3 46. Rxg6 a2 47. Ba1 Rb1 48. Bc3 Kd7 49. h4 Ne7 50. Rg7 Kd6 51. h5
Nd5 52. h6 Nxc3 53. Ra7 Rb4 54. h7 Rh4 55. g6 Nd5 56. g7 Rxh7 57. Ra6+
{Black resigns}
1-0

[Event "ICC tourney 2785 (30 10)"]
[Site "Internet Chess Club"]
[Date "2022.01.02"]
[Round "2"]
[White "IVANOV, ALEXANDER:marble"]
[Black "Belous, Vladimir:Openyagami"]
[Result "1/2-1/2"]
[ICCResult "White stalemated"]
[WhiteElo "2396"]
[BlackElo "2570"]
[Opening "Sicilian: Nimzovich-Rossolimo attack (without ...d6)"]
[ECO "B30"]
[NIC "SI.31"]
[Time "14:00:46"]
[PlyCount "150"]
[TimeControl "1800+10"]

1. e4 c5 2. Nf3 Nc6 3. Bb5 d6 4. O-O Bd7 5. Re1 Nf6 6. c3 a6 7. Bf1 Bg4 8.
h3 Bh5 9. d3 e6 10. g4 Bg6 11. Nh4 Nd7 12. Nxg6 hxg6 13. Nd2 Be7 14. Nf3
Nde5 15. Nxe5 dxe5 16. Be3 O-O 17. a3 Rc8 18. b4 cxb4 19. axb4 Bg5 20. Rb1
Bxe3 21. fxe3 Qh4 22. Bg2 f5 23. exf5 exf5 24. gxf5 gxf5 25. b5 axb5 26.
Rxb5 Rcd8 27. Rf1 Qg3 28. Rf3 Qg6 29. d4 f4 30. Qb1 Qxb1+ 31. Rxb1 fxe3 32.
Rxe3 exd4 33. cxd4 Nxd4 34. Rxb7 Nf5 35. Re2 Rf6 36. Kh2 Kh8 37. Reb2 Rff8
38. Rf2 g6 39. Rb6 Kg7 40. Be4 Rf6 41. Rxf6 Kxf6 42. Bxf5 gxf5 43. Kg3 Kg5
44. h4+ Kg6 45. Rf4 Rd3+ 46. Rf3 Rd1 47. Rf2 Kf6 48. Ra2 Rd3+ 49. Kg2 Kg6
50. Ra5 Rd4 51. Kg3 Rg4+ 52. Kh3 Rg1 53. Kh2 Rg4 54. Kh3 Kf6 55. Ra6+ Kf7
56. Ra7+ Kg6 57. Ra8 Rb4 58. Rg8+ Kf6 59. Rf8+ Ke5 60. h5 Kf4 61. Rg8 Rb3+
62. Kh2 Rb2+ 63. Rg2 Rxg2+ 64. Kxg2 Kg5 65. Kf3 Kxh5 66. Kf4 Kg6 67. Kf3 Kg5
68. Kg3 f4+ 69. Kf3 Kf5 70. Kf2 Kg4 71. Kg2 f3+ 72. Kf2 Kf4 73. Kf1 Ke3 74.
Ke1 f2+ 75. Kf1 Kf3 {White stalemated} 1/2-1/2

[Event "ICC tourney 2785 (30 10)"]
[Site "Internet Chess Club"]
[Date "2022.01.02"]
[Round "2"]
[White "QUIRKE, JEFFREY L:PawnEatingZombi"]
[Black "GUIPI BOPALA, PRINCE ERIC:bopala"]
[Result "1-0"]
[ICCResult "Black resigns"]
[WhiteElo "2005"]
[BlackElo "2100"]
[Opening "QGD: Charousek (Petrosian) variation"]
[ECO "D31"]
[NIC "QP.08"]
[Time "14:02:34"]
[PlyCount "71"]
[TimeControl "1800+10"]

1. d4 d5 2. c4 e6 3. Nc3 Be7 4. cxd5 exd5 5. Bf4 Nf6 6. e3 O-O 7. Bd3 c6 8.
Qc2 Re8 9. Nge2 h6 10. h3 Bd6 11. O-O Bxf4 12. Nxf4 Qe7 13. a3 Nbd7 14. b4
a6 15. Rfb1 Nf8 16. a4 Ne6 17. Nxe6 Qxe6 18. b5 axb5 19. axb5 Rxa1 20. Rxa1
Ne4 21. Bxe4 dxe4 22. bxc6 bxc6 23. Ra5 Qg6 24. Kh1 f5 25. Ne2 Qf6 26. Qc4+
Kh7 27. Nf4 Be6 28. Qxc6 Qf7 29. Ra7 Qxa7 30. Qxe8 Bf7 31. Qe5 Bg6 32. Nxg6
Kxg6 33. Qe6+ Kg5 34. h4+ Kxh4 35. Qxf5 Qc7 36. g3+ {Black resigns} 1-0

[Event "ICC tourney 2785 (30 10)"]
[Site "Internet Chess Club"]
[Date "2022.01.02"]
[Round "2"]
[White "YAN, RUIYANG:jy2020"]
[Black "Windram, James Alexander:Cypsiurus"]
[Result "1-0"]
[ICCResult "Black resigns"]
[WhiteElo "2151"]
[BlackElo "2043"]
[Opening "Sicilian"]
[ECO "B56"]
[NIC "SI.25"]
[Time "14:00:18"]
[PlyCount "111"]
[TimeControl "1800+10"]

1. e4 c5 2. Nf3 d6 3. d4 cxd4 4. Nxd4 Nf6 5. Nc3 Nc6 6. f3 e5 7. Nb3 Be7 8.
Be3 a5 9. Bb5 O-O 10. Qd2 Be6 11. O-O-O Na7 12. Bxa7 Rxa7 13. Kb1 Qb6 14.
Qe2 Rc8 15. Na4 Qc7 16. Qf2 b6 17. Nc3 Qb8 18. Rd3 d5 19. Nxd5 Nxd5 20. exd5
Bf5 21. Rd2 a4 22. Nc1 a3 23. b3 Bb4 24. Bd3 Bxd2 25. Bxf5 Bc3 26. Bxc8 Qxc8
27. Ne2 Bd4 28. Qe1 Rd7 29. Nxd4 exd4 30. Qe4 Qd8 31. Re1 g6 32. Qe8+ Qxe8
33. Rxe8+ Kg7 34. Kc1 Rxd5 35. Kd2 Rg5 36. Re2 Rd5 37. Kd3 b5 38. Re4 Rg5
39. g4 h5 40. h3 hxg4 41. hxg4 Rc5 42. Rxd4 Kf6 43. c4 bxc4+ 44. Rxc4 Rd5+
45. Rd4 Rc5 46. Ra4 Kg5 47. b4 Rc1 48. Rxa3 Kf4 49. b5 Ke5 50. b6 Rc8 51. b7
Rb8 52. Rb3 Kd5 53. a4 Kc5 54. a5 Rd8+ 55. Kc3 Rb8 56. a6 {Black resigns}
1-0